 Dungeon Crawl Stone Soup version 0.20-a0-984-ge8aa303 (webtiles) character file.

9211 inmateoo the Cruncher (level 11, -2/89 HPs)
             Began as a Formicid Fighter on Apr 10, 2017.
             Was an Elder of Qazlal.
             Killed from afar by Josephine (20 damage)
             ... with a ghostly fireball
             ... on level 11 of the Dungeon.
             The game lasted 00:19:30 (10933 turns).

inmateoo the Cruncher (Formicid Fighter)           Turns: 10933, Time: 00:19:31

Health: -2/89      AC: 10    Str: 29    XL:     11   Next: 70%
Magic:  13/13      EV: 15    Int: 14    God:    Qazlal [****..]
Gold:   316        SH: 16    Dex:  8    Spells: 10/10 levels left

rFire    . . .     SeeInvis +   a - +1 quarterstaff
rCold    . . .     Gourm    .   c - +0 shield
rNeg     . . .     Faith    .   b - +0 scale mail
rPois    .         Spirit   .   (helmet unavailable)
rElec    .         Reflect  .   u - +0 cloak
rCorr    .         Harm     .   (no gloves)
MR       +....                  C - +0 pair of boots
Stlth    ..........             (no amulet)
Regen    0.3/turn               Q - +4 ring of evasion
MPRegen  0.2/turn               H - +6 ring of intelligence

@: mighty, heavily drained, repel missiles
A: permanent stasis, dig shafts and tunnels, four strong arms, antennae 3,
repulsion field 1, clumsy 1
a: Dig, Shaft Self, Upheaval, Elemental Force, Renounce Religion


You were on level 11 of the Dungeon.
You worshipped Qazlal.
Qazlal was greatly pleased with you.
You were very hungry.

You visited 1 branch of the dungeon, and saw 11 of its levels.

You collected 603 gold pieces.
You spent 287 gold pieces at shops.

Inventory:

Hand Weapons
 a - a +1 quarterstaff (weapon)
Armour
 b - a +0 scale mail (worn)
 c - a +0 shield (worn)
 u - a +0 cloak (worn)
 C - a +0 pair of boots (worn)
Jewellery
 w - an uncursed ring of flight
 H - a +6 ring of intelligence (right hand)
 Q - a +4 ring of evasion (left hand)
Wands
 j - a wand of polymorph (13/24)
 p - a wand of iceblast (6/15)
 v - a wand of digging (17/24)
 x - a wand of paralysis (7/24)
 D - a wand of disintegration (16/24)
 G - a wand of digging (12/24)
 I - a wand of lightning (7/15)
 J - a wand of flame (24/48)
 L - a wand of polymorph (13/24)
Scrolls
 l - 2 scrolls of remove curse
 m - a scroll of fog
 B - 4 scrolls of identify
 E - a scroll of enchant weapon
 K - a scroll of fear
Potions
 d - a potion of might
 e - 3 potions of curing
 g - a potion of agility
 h - 4 potions of heal wounds
 k - 4 potions of lignification
 n - a potion of flight
 o - a potion of mutation
 r - 3 potions of brilliance
 t - 2 potions of magic
 A - a potion of cancellation
 F - a potion of invisibility
Books
 s - a book of Conjurations

   Spells                             Type                      Level
   a - Magic Dart                     Conjuration                  1
   b - Searing Ray                    Conjuration                  2
   c - Dazzling Spray                 Conjuration/Hexes            3
   d - Fulminant Prism                Conjuration/Hexes            4
   e - Force Lance                    Conjuration/Translocation    4
   f - Iskenderun's Mystic Blast      Conjuration                  4
 M - a book of Ice

   Spells                             Type                      Level
   a - Ice Form                       Ice/Transmutation            4
   b - Metabolic Englaciation         Hexes/Ice                    5
   c - Ozocubu's Refrigeration        Ice                          6
   d - Bolt of Cold                   Conjuration/Ice              6
   e - Freezing Cloud                 Conjuration/Ice/Air          6
   f - Simulacrum                     Ice/Necromancy               6
 N - a book of Geomancy

   Spells                             Type                      Level
   a - Sandblast                      Earth                        1
   b - Passwall                       Transmutation/Earth          2
   c - Stone Arrow                    Conjuration/Earth            3
   d - Petrify                        Transmutation/Earth          4
   e - Lee's Rapid Deconstruction     Earth                        5
 P - a book of Maledictions

   Spells                             Type                      Level
   a - Corona                         Hexes                        1
   b - Ensorcelled Hibernation        Hexes/Ice                    2
   c - Confuse                        Hexes                        3
   d - Tukima's Dance                 Hexes                        3
   e - Dazzling Spray                 Conjuration/Hexes            3
Comestibles
 f - 7 bread rations
 i - 5 royal jellies
 q - 6 meat rations
 z - 4 fruits


   Skills:
 + Level 9.2(7.0) Fighting
 * Level 11.1(8.8) Staves
 + Level 9.1(6.8) Armour
 + Level 9.7(7.5) Shields
 + Level 3.6(1.7) Invocations


You had 10 spell levels left.
You didn't know any spells.

Dungeon Overview and Level Annotations

Branches:
Dungeon (11/15)            Temple (0/1) D:7            Lair (0/6) D:8
    Orc (0/2) D:9

Altars:
Fedhas
Makhleb
Nemelex Xobeh
Qazlal
Ru
Trog
Uskayaw
Vehumet

Shops:
D:4 !   D:6 [=*   D:7 ?   D:10 *[   D:11 (

Annotations:
D:11 Josephine


Innate Abilities, Weirdness & Mutations

You cannot be hasted, slowed, berserked, paralysed or teleported.
You can dig through walls and to a lower floor.
Your four strong arms can wield two-handed weapons with a shield.
You have a pair of large antennae on your head. (SInv)
You are surrounded by a mild repulsion field. (EV +2)
You are clumsy. (Dex -2)


Message History

Josephine is heavily wounded.
Josephine says, "How about some decapitation?"
Josephine gestures at you while chanting.
The ghostly flame explodes!
The ghostly fireball engulfs you!
You feel drained.
The ghostly fireball engulfs Josephine.
Josephine completely resists.
You thump Josephine!
Josephine is severely wounded.
Josephine points at you and mumbles some strange words.
The ghostly flame explodes!
The ghostly fireball engulfs you!
You feel drained.
The ghostly fireball engulfs Josephine.
Josephine completely resists.
You barely miss Josephine.
Josephine is severely wounded.
Josephine is infused with unholy energy.
* * * LOW HITPOINT WARNING * * *
Josephine draws life force from you and is healed!
You sock Josephine!
Josephine is severely wounded.
Josephine points at you and mumbles some strange words.
The ghostly flame explodes!
The ghostly fireball engulfs you!
You feel drained.
You die...

*,,,..............
*,,,,.............
****#+#*#.........
#.###@..T...h.
#.##.######.h. #{#.##
##... ##{.##***##.{..
####{{#.{{..h...{{
#@#{#{..{..l.....{
##@##{#.######....
####.#.# *....## #.#.#
*....* #.#.# *..,,*
*********#.#.# *.,,,##
*,,,,,,,,,.#,*****,,,..
**,***,,,,,*,,,,,,,,,..
*,**,,,,,,+,,,,*,,,,..


You could see Josephine.

Vanquished Creatures
  3 two-headed ogres
  A centaur warrior (D:10)
  Pikel (D:5)
  Maurice (D:8)
  A troll (D:11)
  Prince Ribbit (D:6)
  A wyvern (D:8)
  A hungry ghost (D:8)
  A yak (D:11)
  A water moccasin (D:11)
  2 porcupines (D:8)
  A hornet zombie (D:7)
  2 orc warriors (D:7)
  A slave (D:5)
  The ghost of murphy the Chopper, an amateur MiBe of Trog (D:4)
  3 black bears
  5 phantoms
  2 sky beasts
  3 ogres
  5 centaurs
  A crocodile (D:8)
  A wolf (D:7)
  A big kobold (D:9)
  A gnoll sergeant (D:7)
  5 bullfrogs
  A wyvern zombie (D:8)
  7 scorpions
  7 killer bees
  3 howler monkeys (D:7)
  3 crimson imps
  3 centaur zombies
  A centaur skeleton (D:4)
  4 orc priests
  4 hounds
  2 jellies
  8 orc wizards
  A bullfrog skeleton (D:11)
  A gnoll shaman (D:7)
  5 iguanas
  10 worker ants
  A hound zombie (D:6)
  A hound skeleton (D:7)
  A worker ant zombie (D:9)
  13 gnolls (D:7)
  6 adders
  A howler monkey skeleton (D:4)
  3 shadow imps
  3 worms
  5 dart slugs
  7 leopard geckos
  29 orcs
  A giant cockroach (D:1)
  5 goblins
  5 hobgoblins
  22 jackals
  6 kobolds
  2 quokkas
  3 ball pythons
  5 bats
  6 frilled lizards
  A jackal zombie (D:7)
  A quokka skeleton (D:5)
  8 rats
241 creatures vanquished.

Vanquished Creatures (others)
  A centaur (D:5)
  A hound (D:5)
  A giant cockroach (D:5)
  4 fungi (D:8)
  A plant (D:8)
8 creatures vanquished.

Grand Total: 249 creatures vanquished

Notes
Turn   | Place    | Note
-------+----------+-------------------------------------------
     0 | D:1      | inmateoo the Formicid Fighter began the quest for the Orb.
     0 | D:1      | Reached XP level 1. HP: 18/18 MP: 1/1
    49 | D:1      | Reached XP level 2. HP: 22/24 MP: 2/2
   168 | D:1      | Reached XP level 3. HP: 23/29 MP: 3/3
   713 | D:2      | Found a blossoming altar of Fedhas.
   783 | D:2      | Found a bloodstained altar of Trog.
   792 | D:2      | Reached skill level 3 in Staves
   824 | D:2      | Reached XP level 4. HP: 36/36 MP: 4/4
  1111 | D:2      | Reached XP level 5. HP: 24/42 MP: 5/5
  1436 | D:3      | Found a sacrificial altar of Ru.
  1574 | D:3      | Reached skill level 4 in Staves
  1668 | D:3      | Found a hide-covered altar of Uskayaw.
  1774 | D:3      | Reached XP level 6. HP: 37/48 MP: 6/6
  1981 | D:3      | Found a stormy altar of Qazlal.
  1990 | D:3      | Became a worshipper of Qazlal Stormbringer
  2223 | D:4      | Found a burning altar of Makhleb.
  2223 | D:4      | Noticed a phantom
  2577 | D:4      | Killed a phantom
  2770 | D:4      | Reached skill level 5 in Shields
  2770 | D:4      | Reached XP level 7. HP: 55/55 MP: 7/7
  2773 | D:4      | Noticed murphy's ghost (amateur MiBe)
  2778 | D:4      | Reached skill level 5 in Staves
  2811 | D:5      | Entered Level 5 of the Dungeon
  3211 | D:5      | Noticed Pikel
  3236 | D:5      | Killed Pikel
  3236 | D:5      | Reached skill level 5 in Fighting
  3236 | D:5      | Reached skill level 6 in Staves
  3236 | D:5      | Reached skill level 5 in Armour
  3236 | D:5      | Reached XP level 8. HP: 39/63 MP: 8/8
  3908 | D:4      | Killed murphy's ghost
  3908 | D:4      | Reached skill level 7 in Staves
  3927 | D:4      | Found a radiant altar of Vehumet.
  4000 | D:4      | Reached XP level 9. HP: 43/69 MP: 9/9
  4079 | D:4      | Found Kipinet's Distillery.
  4086 | D:4      | Bought a potion of heal wounds for 65 gold pieces
  4086 | D:4      | Bought a potion of curing for 39 gold pieces
  4086 | D:4      | Bought a potion of degeneration for 13 gold pieces
  4086 | D:4      | Bought a potion of invisibility for 104 gold pieces
  4129 | D:4      | Found a sparkling altar of Nemelex Xobeh.
  4391 | D:6      | Found Rynkaats's Jewellery Emporium.
  4392 | D:6      | Noticed Prince Ribbit
  4627 | D:6      | Reached * piety under Qazlal
  4752 | D:6      | Found Odybais's Antique Armour Emporium.
  5164 | D:6      | Reached skill level 8 in Staves
  5318 | D:6      | Killed Prince Ribbit
  5334 | D:6      | Found Oceruibue's General Store.
  6123 | D:7      | Reached XP level 10. HP: 79/79 MP: 10/10
  6125 | D:7      | Found a staircase to the Ecumenical Temple.
  6344 | D:7      | Found Sufunwae's Magic Scroll Boutique.
  6348 | D:7      | Bought a scroll of identify for 22 gold pieces
  6348 | D:7      | Bought a scroll of identify for 22 gold pieces
  6348 | D:7      | Bought a scroll of identify for 22 gold pieces
  6508 | D:7      | Reached skill level 9 in Staves
  6589 | D:7      | Reached ** piety under Qazlal
  7533 | D:8      | Noticed Maurice
  7576 | D:8      | Killed Maurice
  7858 | D:8      | Found a staircase to the Lair.
  7890 | D:8      | Reached skill level 10 in Staves
  8180 | D:8      | Reached *** piety under Qazlal
  8497 | D:9      | Noticed a two-headed ogre
  8603 | D:9      | Found a staircase to the Orcish Mines.
  8762 | D:9      | Reached XP level 11. HP: 71/87 MP: 11/11
  8958 | D:9      | Noticed a two-headed ogre
  8982 | D:9      | Killed a two-headed ogre
  8982 | D:9      | Reached skill level 1 in Invocations
  9499 | D:9      | Killed a two-headed ogre
  9802 | D:10     | Entered Level 10 of the Dungeon
  9928 | D:10     | Found Ysoll's Assorted Antiques.
  9960 | D:10     | Found Nagi's Antique Armour Shop.
 10055 | D:10     | Noticed a two-headed ogre
 10075 | D:10     | Killed a two-headed ogre
 10085 | D:10     | Gained mutation: Armour fits poorly on your strangely shaped body. [mutagenic meat]
 10546 | D:10     | Noticed a centaur warrior
 10550 | D:10     | Lost mutation: Armour fits poorly on your strangely shaped body. [potion of mutation]
 10550 | D:10     | Gained mutation: You are clumsy. (Dex -2) [potion of mutation]
 10550 | D:10     | Gained mutation: You are surrounded by a mild repulsion field. (EV +2) [potion of mutation]
 10557 | D:10     | Killed a centaur warrior
 10557 | D:10     | Reached skill level 11 in Staves
 10863 | D:11     | Noticed Josephine
 10866 | D:11     | Found Doiw's Antique Weapon Shoppe.
 10927 | D:11     | Reached **** piety under Qazlal
 10933 | D:11     | Killed from afar by Josephine

Vault maps used:
D:1:      minmay_arrival_radiant_lines
D:2:      bloody_trog, fedhas_altar_4, minmay_lizard_pond
D:3:      lemuel_doored_altar, eat_drink_and_be_merry_uskayaw,
          lemuel_coloured_pillars_altar, first_bread
D:4:      nicolae_overflow_crystal_walls, bloody_makhleb, lemuel_crystal_altar,
          serial_shops, nicolae_shop_crystal
D:5:      uniq_pikel
D:6:      serial_shops, shop, shop, kennysheep_mini_moat,
          grunt_decor_one_mirror, minmay_bent, uniq_prince_ribbit1
D:7:      minmay_temple_entry_purple_smoke, serial_gnoll_camp,
          gnoll_camp_mini_loothouse, gnoll_camp_mini_shop, gnoll_camp_mini_hut,
          gnoll_camp_medium_02
D:8:      due_lair_maze_entry_diamond, uniq_maurice
D:9:      orc_0_dummy
D:10:     serial_shops, nicolae_shop_waterfront, shop
D:11:     serial_shops, shop_statue, lab_entry_generic,
          hangedman_little_slice_of_home, minmay_the_grid_octo_2x2,
          uniq_josephine

Skill      XL: |  1  2  3  4  5  6  7  8  9 10 11 |
---------------+----------------------------------+-----
Shields        | 4 5 6 7 8 9 |  9.7
Staves         | 3 4 6 7 8 10 11 | 11.1
Armour         | 4 5 6 8 9 |  9.1
Fighting       | 4 5 7 8 9 |  9.2
Invocations    | 3 |  3.6

Action                   |  1- 3 |  4- 6 |  7- 9 | 10-12 || total
-------------------------+-------+-------+-------+-------++-------
Melee: Quarterstaff      |    77 |   170 |   379 |   563 ||  1189
 Abil: Dig               |       |       |     2 |    14 ||    16
  Use: Scroll            |       |       |    12 |     6 ||    18
       Potion            |       |       |       |     6 ||     6
 Stab: Distracted        |       |       |     1 |       ||     1
  Eat: Chunk             |       |     6 |    12 |    18 ||    36
Armor: Scale mail        |    19 |    58 |    82 |    93 ||   252
Dodge: Dodged            |    30 |    47 |   105 |   112 ||   294
Block: Shield            |    40 |    68 |   182 |   351 ||   641
